 Dungeon Crawl Stone Soup version 0.19.4-9-g45fd643 (webtiles) character file.

9 nono the Sneak (level 2, 0/19 (23) HPs)
             Began as a Ghoul Wanderer on Feb 16, 2017.
             Slain by an adder (2 damage)
             ... on level 2 of the Dungeon.
             The game lasted 00:02:55 (1141 turns).

nono the Sneak (Ghoul Wanderer)                     Turns: 1141, Time: 00:02:56

HP:   0/19 (23)     AC:  2    Str: 15    XL:     2   Next: 12%
MP:   1/1           EV: 11    Int:  9    God:
Gold: 52            SH:  0    Dex:  6    Spells: 0 memorised, 1 level left

rFire  . . .     SeeInvis .       - Unarmed
rCold  + + .     Gourm    .     e - +0 robe
rNeg   + + +     Faith    .     (no shield)
rPois  ∞         Spirit   .     (no helmet)
rElec  .         Reflect  .     (no cloak)
rCorr  .         Harm     .     (no gloves)
MR     .....                    (no boots)
Stlth  ++........               (no amulet)
                                (no ring)
                                o - ring of protection from cold

@: rotting
A: rotting body, claws 1, carnivore 3, cold resistance 1, negative energy
resistance 3, slow regeneration 1, torment resistance, unbreathing
a: no special abilities


You were on level 2 of the Dungeon.
You were not hungry.

You visited 1 branch of the dungeon, and saw 2 of its levels.

You collected 52 gold pieces.

Inventory:

Hand Weapons
 b - a +2 blowgun
 f - a +0 dagger
Missiles
 a - 3 curare-tipped needles
 k - 22 poisoned needles
Armour
 e - a +0 robe (worn)
 h - a +0 buckler
Jewellery
 o - a ring of protection from cold (left claw)
Scrolls
 i - a scroll of recharging {unknown}
 n - a scroll of remove curse {unknown}
Potions
 d - a potion of curing
 j - a potion of degeneration {unknown}
 l - a potion of magic {unknown}
 m - a potion of lignification {unknown}
Books
 c - the Compendium of Feathers

   Spells                             Type                      Level
   a - Shock                          Conjuration/Air              1
   b - Mephitic Cloud                 Conjuration/Poison/Air       3
Comestibles
 g - 3 meat rations


   Skills:
 - Level 1.1 Fighting
   Level 1.0 Polearms
 - Level 1.0 Throwing
 - Level 1.0 Dodging
 - Level 3.2 Stealth
 + Level 1.9 Unarmed Combat
   Level 1.5 Hexes
   Level 1.0 Poison Magic


You had one spell level left.
You didn't know any spells.

Dungeon Overview and Level Annotations

Branches:
Dungeon (2/15)

Altars:


Innate Abilities, Weirdness & Mutations

Your body is rotting away.
You thrive on raw meat.
You are immune to poison.
You have sharp fingernails.
You are carnivorous and can eat meat at any time.
Your flesh is cold resistant. (rC+)
You are immune to negative energy. (rN+++)
You regenerate slowly when monsters are visible.
You are immune to unholy pain and torment.
You can survive without breathing.


Message History

You scratch the adder but do no damage. The adder closely misses you.
You closely miss the adder. The adder bites you but does no damage.
You miss the adder. The adder closely misses you. The adder barely misses you.
You miss the adder. The adder bites you.
You closely miss the adder. The adder bites you.
You miss the adder. The adder bites you.
You closely miss the adder. The adder bites you. x2
* * * LOW HITPOINT WARNING * * *
You are too injured to fight recklessly!
You are too injured to fight recklessly!
You are too injured to fight recklessly!
You barely miss the adder. The adder bites you.
* * * LOW HITPOINT WARNING * * *
You claw the adder!
The adder is severely wounded.
The adder misses you.
You completely miss the adder.
The adder is severely wounded.
The adder bites you.
You die...

. # .## .#
# #.###.#
#?..#..?###
$#.#..>...
........#
#S......#
#@......#
#<..#+###
#####


You could see an adder.

Vanquished Creatures
  A leopard gecko (D:1)
  A bat (D:1)
  A giant cockroach (D:1)
  A goblin (D:1)
  A hobgoblin (D:1)
  A kobold (D:1)
  A rat (D:1)
7 creatures vanquished.

Notes
Turn   | Place    | Note
-------+----------+-------------------------------------------
     0 | D:1      | nono the Ghoul Wanderer began the quest for the Orb.
     0 | D:1      | nono set off with: 3 curare-tipped needles, a +2 blowgun, the Compendium of Feathers, a potion of curing, a +0 robe, a +0 dagger, a meat ration
     0 | D:1      | Reached XP level 1. HP: 16/16 MP: 0/0
     6 | D:1      | Noticed a salamander
     6 | D:1      | Noticed a wolf
     6 | D:1      | Noticed a swamp drake
     7 | D:1      | Noticed an iguana
     7 | D:1      | Noticed a polar bear
   439 | D:1      | Reached skill level 1 in Unarmed Combat
   619 | D:1      | Reached XP level 2. HP: 7/23 MP: 1/1
  1141 | D:2      | Slain by an adder

Skill      XL: |  1 |
---------------+----+-----
Unarmed Combat | 1 |  1.9
Fighting       | |  1.1
Polearms       | |  1.0
Throwing       | |  1.0
Dodging        | |  1.0
Stealth        | |  3.2
Hexes          | |  1.5
Poison Magic   | |  1.0

Action                   || total
-------------------------++-------
Melee: Unarmed           ||    58
 Stab: Sleeping          ||     1
  Eat: Chunk             ||     6
Armor: Robe              ||    24
Dodge: Dodged            ||    39
